 Dungeon Crawl Stone Soup version 0.27-a0-1302-g7736ffe575 (webtiles) character file.

Game seed: 7675217695079504037

104 Feb132020 the Gusty (level 4, -12/33 HPs)
             Began as a Draconian Air Elementalist on June 18, 2021.
             Mangled by an ogre (29 damage)
             ... on level 4 of the Dungeon.
             The game lasted 00:07:52 (2175 turns).

Feb132020 the Gusty (Draconian Air Elementalist)    Turns: 2175, Time: 00:07:53

Health: -12/33     AC:  9    Str: 11    XL:     4   Next: 52%
Magic:  2/8        EV: 12    Int: 16    God:
Gold:   94         SH:  0    Dex: 11    Spells: 5/8 levels left

rFire    . . .     SeeInvis .   (no weapon)
rCold    . . .     Faith    .   (no shield)
rNeg     . . .     Spirit   .   (armour unavailable)
rPois    .         Reflect  .   (helmet restricted)
rElec    .         Harm     .   a - +1 cloak
rCorr    .         Rampage  .   d - +1 pair of gloves
Will     .....                  (no boots)
Stlth    ++........             (no amulet)
HPRegen  0.11/turn              (no ring)
MPRegen  0.11/turn              (no ring)

@: no status effects
A: AC +5, unfitting armour, cold-blooded
a: no special abilities


You were on level 4 of the Dungeon.
You visited 1 branch of the dungeon, and saw 4 of its levels.

You collected 94 gold pieces.

Inventory:

Armour
 a - a +1 cloak (worn)
 d - a +1 pair of gloves (worn)
 f - a +0 pair of gloves
Wands
 g - a wand of charming (10)
Scrolls
 e - a scroll of magic mapping {unknown}
Potions
 b - a potion of haste {unknown}
 c - a potion of curing


   Skills:
 + Level 1.8 Dodging
 + Level 2.6 Stealth
 + Level 0.1 Unarmed Combat
 + Level 2.7 Spellcasting
 + Level 1.7 Conjurations
 + Level 4.1 Air Magic


You had 5 spell levels left.
You knew the following spells:

 Your Spells              Type           Power      Damage    Failure   Level
a - Shock                 Conj/Air       44%        1d5       6%          1
b - Static Discharge      Conj/Air       11%        N/A       9%          2

Your spell library contained the following spells:

 Spells                   Type           Power      Damage    Failure   Level
 Swiftness                Air            15%        N/A       11%         3
 Airstrike                Air            7%         N/A       34%         4
 Lightning Bolt           Conj/Air       5%         1d17      85%         5


Dungeon Overview and Level Annotations

Branches:
Dungeon (5/15)
 Temple: D:4-7

Altars:

Shops:
D:1 :

Annotations:
D:5 Edmund, Pikel


Innate Abilities, Weirdness & Mutations

Your plain brown scales are hard. (AC +5)
You cannot fit into any form of body armour.
You are cold-blooded and may be slowed by cold attacks.


Message History

Unknown command.
Unknown command.
Unknown command.
Casting: Shock (safe; 6% risk of failure)
Confirm with . or Enter, or press ? or * to list all spells.
Aiming: Shock (safe; 6% risk of failure)
Press: ? - help, Shift-Dir - straight line, f/p - ogre
Aim: an ogre, wielding a +0 giant spiked club (lightly wounded, 85% to hit)
The zap hits the ogre.
The ogre is moderately wounded.
Casting: Shock (safe; 6% risk of failure)
Confirm with . or Enter, or press ? or * to list all spells.
The ogre is struck by an arc of lightning.
The ogre is moderately wounded.
You are struck by an arc of lightning.
The lightning grounds out.
The ogre barely misses you.
Casting: Static Discharge (safe; 9% risk of failure)
Confirm with . or Enter, or press ? or * to list all spells.
The ogre is struck by an arc of lightning.
The ogre is heavily wounded.
You are struck by an arc of lightning.
The lightning grounds out.
The ogre hits you with a +0 giant spiked club!!
Ouch! That really hurt!
It was a potion of curing.
You feel better.
The ogre hits you with a +0 giant spiked club.
Unknown command.
Unknown command.
Unknown command.
Casting: Static Discharge (safe; 9% risk of failure)
Confirm with . or Enter, or press ? or * to list all spells.
Aiming: Shock (safe; 6% risk of failure)
Press: ? - help, Shift-Dir - straight line, f/p - ogre
Aim: an ogre, wielding a +0 giant spiked club (heavily wounded, 85% to hit)
The zap hits the ogre.
The ogre is heavily wounded.
Unknown command.
The ogre barely misses you.
The ogre hits you with a +0 giant spiked club!!
Ouch! That really hurt!
You die...

#...........##
#...........#.
#...........#.
#...........#.
#...........#.
#######...........#.
#.................#.
#.................#.
#..@..............#.
#..O..............#.
#.................#.
#.................#.
####################


You could see an ogre.

Vanquished Creatures
  A hound (D:5)
  2 adders (D:4)
  A shadow imp (D:4)
  An adder skeleton (D:4)
  3 dart slugs
  An orc (D:5)
  4 bats
  2 endoplasms
  6 hobgoblins
  2 quokkas
  4 ball pythons
  3 frilled lizards (D:1)
  8 goblins
  A kobold (D:1)
  2 rats
41 creatures vanquished.

Notes
Turn   | Place    | Note
-------+----------+-------------------------------------------
     0 | D:1      | Feb132020 the Draconian Air Elementalist began the quest
                  | for the Orb.
     0 | D:1      | Reached XP level 1. HP: 14/14 MP: 3/3
   204 | D:1      | Found Hokow's Book Emporium.
   401 | D:1      | Reached XP level 2. HP: 20/20 MP: 0/5
   998 | D:1      | Learned a level 2 spell: Static Discharge
  1135 | D:2      | Reached XP level 3. HP: 26/26 MP: 3/6
  1312 | D:2      | You fall into a shaft and drop 2 floors!
  1483 | D:4      | Reached skill level 4 in Air Magic
  1730 | D:4      | Reached XP level 4. HP: 33/33 MP: 2/7
  1929 | D:4      | Noticed an ogre
  1956 | D:5      | Entered Level 5 of the Dungeon
  2064 | D:5      | Noticed Edmund
  2135 | D:5      | Noticed Pikel
  2175 | D:4      | Mangled by an ogre

Illustrated notes

Levels and vault maps discovered:
D:1:      minmay_arrival_nine_rooms, layout_basic, serial_shops,
          nicolae_shop_behind_doors, minmay_pentomino_u2
D:2:      layout_rooms, basic_altar, chequers_serial_rivers_small_3
D:4:      layout_gridville, minmay_temple_entry_enclosed_plants,
          kennysheep_small_circle
D:5:      layout_basic, uniq_edmund, uniq_pikel

Skill      XL: |  1  2  3 |
---------------+----------+-----
Stealth        | 2 |  2.6
Air Magic      | 4 |  4.1
Dodging        | |  1.8
Unarmed Combat | |  0.1
Spellcasting   | |  2.7
Conjurations   | |  1.7

Action                   |  1- 3 |  4- 6 || total
-------------------------+-------+-------++-------
Melee: Unarmed           |    12 |       ||    12
 Cast: Shock             |    78 |    21 ||    99
       Static Discharge  |       |     2 ||     2
  Use: Scroll            |     3 |       ||     3
       Potion            |       |     1 ||     1
Armor: Skin              |    12 |     2 ||    14
Dodge: Dodged            |    12 |     9 ||    21

Table legend: (Time is in decaauts)
 A = Elapsed time spent in this place.
 B = Non-inter-level travel time spent in this place.
 C = Inter-level travel time spent in this place.
 D = Time resting spent in this place.
 E = Time spent auto-exploring this place.
 F = Levels seen in this place.
 G = Mean time per level.
                   A        B        C        D        E       F      G
               +--------+--------+--------+--------+--------+-----+--------+
         Total |   2175 |   2149 |     26 |     25 |   1788 |   4 |  543.8 |
       Dungeon |   2175 |   2149 |     26 |     25 |   1788 |   4 |  543.8 |
               +--------+--------+--------+--------+--------+-----+--------+

Top non-repeatable levels by time:
     D:1: 1019 daAuts
     D:4: 663 daAuts
     D:2: 292 daAuts
     D:5: 199 daAuts
